 Dungeon Crawl Stone Soup version 0.27-a0-346-ga689d4a613 (webtiles) character file.

Game seed: 536424646863041436

36 tilp the Sneak (level 3, -1/23 HPs)
             Began as an Octopode Transmuter on Feb 15, 2021.
             Slain by an orc (5 damage)
             ... on level 1 of the Dungeon.
             The game lasted 00:01:53 (1597 turns).

tilp the Sneak (Octopode Transmuter)                Turns: 1597, Time: 00:01:54

Health: -1/23      AC:  1    Str:  9    XL:     3   Next: 37%
Magic:  6/6        EV: 13    Int: 16    God:
Gold:   85         SH:  0    Dex: 12    Spells: 3/6 levels left

rFire    . . .     SeeInvis .     - Unarmed
rCold    . . .     Faith    .   (no shield)
rNeg     . . .     Spirit   .   (helmet restricted)
rPois    .         Reflect  .   (no amulet)
rElec    .         Harm     .   (no ring)
rCorr    .         Rampage  .   (no ring)
Will     .....                  (no ring)
Stlth    +++.......             (no ring)
HPRegen  0.07/turn              (no ring)
MPRegen  0.10/turn              (no ring)
                                (no ring)
                                (no ring)

@: no status effects
A: almost no armour, stealthy swim, amphibious, 8 rings, constrict 8, camouflage
1, gelatinous body 1
a: no special abilities


You were on level 1 of the Dungeon.
You visited 1 branch of the dungeon, and saw 2 of its levels.

You collected 85 gold pieces.

Inventory:

Missiles
 c - 26 stones
Scrolls
 b - a scroll of identify
Potions
 a - a potion of curing


   Skills:
 + Level 1.2 Fighting
 - Level 2.0 Dodging
 - Level 4.0 Stealth
 + Level 3.1 Unarmed Combat
 - Level 2.0 Spellcasting
 - Level 2.0 Transmutations


You had 3 spell levels left.
You knew the following spells:

 Your Spells              Type           Power        Failure   Level
a - Beastly Appendage     Tmut           16%          9%          1
b - Wereblood             Tmut           8%           14%         2

Your spell library contained the following spells:

 Spells                   Type           Power        Failure   Level
 Spider Form              Tmut/Pois      2%           38%         3
 Ice Form                 Ice/Tmut       4%           80%         4
 Blade Hands              Tmut           4%           94%         5


Dungeon Overview and Level Annotations

Branches:
Dungeon (2/15)

Altars:


Innate Abilities, Weirdness & Mutations

You cannot wear most types of armour.
You are very stealthy in the water. (Stealth+)
You are amphibious.
You can wear up to eight rings at the same time.
You can use your tentacles to constrict eight enemies at once.
Your skin changes colour to match your surroundings (Stealth+).
Your rubbery body absorbs attacks. (AC +1, EV +1)


Message History

You climb upwards.
There is a stone staircase leading down here.
Unknown command.
You tentacle-slap the orc but do no damage.
You grab the orc. You constrict the orc. The orc hits you but does no damage.
The orc barely misses you.
You tentacle-slap the orc.
The orc is moderately wounded.
You constrict the orc. The orc hits you.
* * * LOW HITPOINT WARNING * * *
The orc barely misses you.
You barely miss the orc.
The orc is heavily wounded.
Your primal bloodlust has ended.
You constrict the orc. The orc closely misses you.
Unknown command.
You tentacle-slap the orc.
You kill the orc!
The orc barely misses you.
Unknown command.
You tentacle-slap the orc but do no damage.
You grab the orc.
You constrict the orc, but do no damage.
The orc closely misses you.
You tentacle-slap the orc but do no damage.
You constrict the orc, but do no damage.
The orc closely misses you.
You tentacle-slap the orc. You squeeze the orc.
The orc is severely wounded.
You constrict the orc, but do no damage.
The orc barely misses you.
You tentacle-slap the orc but do no damage.
The orc is severely wounded.
You constrict the orc, but do no damage.
The orc barely misses you.
You tentacle-slap the orc.
The orc is almost dead.
You constrict the orc, but do no damage.
The orc hits you.
You die...

######## .......#
.#####.# .# #.###
)#####...#########
....)..........)@#
#####.....######o#
#.....######.#
#............#####
#.....######.....#
#.....# #.###.#
#.....# #.....#
##.#### #######
#.#


You could see an orc.

Vanquished Creatures
  A worm (D:1)
  A dart slug (D:2)
  2 orcs
  3 giant cockroaches
  4 goblins (D:1)
  6 hobgoblins
  A kobold (D:1)
  2 bats
  3 frilled lizards
  A leopard gecko zombie (D:2)
  3 rats (D:1)
27 creatures vanquished.

Notes
Turn   | Place    | Note
-------+----------+-------------------------------------------
     0 | D:1      | tilp the Octopode Transmuter began the quest for the Orb.
     0 | D:1      | Reached XP level 1. HP: 13/13 MP: 3/3
   130 | D:1      | Reached skill level 1 in Stealth
   169 | D:1      | Reached skill level 2 in Stealth
   584 | D:1      | Reached XP level 2. HP: 17/18 MP: 3/5
   872 | D:1      | Reached skill level 3 in Stealth
  1353 | D:1      | Learned a level 2 spell: Wereblood
  1360 | D:2      | Reached XP level 3. HP: 16/23 MP: 2/6
  1371 | D:2      | Reached skill level 4 in Stealth
  1597 | D:1      | Slain by an orc

Illustrated notes

Levels and vault maps discovered:
D:1:      lightli_arrival_isolated_outpost, layout_basic
D:2:      layout_loops_ring

Skill      XL: |  1  2  3 |
---------------+----------+-----
Stealth        | 2 3 4 |  4.0
Fighting       | |  1.2
Dodging        | |  2.0
Unarmed Combat | |  3.1
Spellcasting   | |  2.0
Transmutations | |  2.0

Action                   || total
-------------------------++-------
Melee: Unarmed           ||    81
       Constrict         ||    20
       Kick              ||     8
       Tentacles         ||    10
       Punch             ||     1
 Cast: Beastly Appendage ||     7
       Wereblood         ||     2
  Use: Scroll            ||     1
Armor: Skin              ||     9
Dodge: Dodged            ||    51

Table legend: (Time is in decaauts)
 A = Elapsed time spent in this place.
 B = Non-inter-level travel time spent in this place.
 C = Inter-level travel time spent in this place.
 D = Time resting spent in this place.
 E = Time spent auto-exploring this place.
 F = Levels seen in this place.
 G = Mean time per level.
                   A        B        C        D        E       F      G
               +--------+--------+--------+--------+--------+-----+--------+
         Total |   1596 |   1478 |    118 |    717 |    498 |   2 |  798.0 |
       Dungeon |   1596 |   1478 |    118 |    717 |    498 |   2 |  798.0 |
               +--------+--------+--------+--------+--------+-----+--------+

Top non-repeatable levels by time:
     D:1: 1531 daAuts
     D:2: 65 daAuts
